 Dungeon Crawl Stone Soup version 0.29.0-15-g675c0067aa (webtiles) character file.

Game seed: 8660473394641322596

5 qw the Sneak (level 1, -1/14 HPs)
             Began as a Gargoyle Delver on Sept 11, 2022.
             Slain by a centaur zombie (4 damage)
             ... on level 4 of the Dungeon.
             The game lasted 00:00:04 (66 turns).

qw the Sneak (Gargoyle Delver)                        Turns: 66, Time: 00:00:05

Health: -1/14      AC:  6    Str: 15    XL:     1   Next: 80%
Magic:  1/1        EV: 11    Int: 10    God:
Gold:   0          SH:  0    Dex: 11    Spells: 0/0 levels left

rFire   . . .      SeeInvis .   Y - +1 hand axe
rCold   . . .      Faith    .   (no shield)
rNeg    + . .      Spirit   .   b - +0 leather armour
rPois   inf        Reflect  .   h - +0 helmet
rElec   +          Harm     .   (no cloak)
rCorr   .          Rampage  .   (no gloves)
Will    .....                   (no boots)
Stlth   +++.......              (no amulet)
HPRegen 0.04/turn               (no ring)
MPRegen 0.07/turn               (no ring)

@: no status effects
A: sickness immunity, AC +2, negative energy resistance 1, electricity
resistance, torment resistance 1, petrification resistance
a: no special abilities


You were on level 4 of the Dungeon.
You visited 1 branch of the dungeon, and saw 2 of its levels.


Innate Abilities, Weirdness & Mutations

You are immune to sickness and miasma.
Your stone body is resilient. (AC +2)
You are immune to poison.
You resist negative energy. (rN+)
You are resistant to electric shocks. (rElec)
You are resistant to unholy torment.
You are immune to petrification.


   Skills:
 - Level 3.2 Fighting
 + Level 2.2 Axes
 - Level 1.5 Dodging
 - Level 5.4 Stealth


You couldn't memorise any spells.
You didn't know any spells.
Your spell library was empty.

Inventory:

Hand Weapons
 Y - a +1 hand axe (weapon)
Armour
 b - a +0 leather armour (worn)
 h - a +0 helmet (worn)
Wands
 g - a wand of digging (3)
Potions
 f - a potion of haste

Dungeon Overview and Level Annotations

Branches:
Dungeon (5/15)
 Temple: D:4-7

Altars:
Vehumet


Message History

The hound skeleton bites you but does no damage.
The adder zombie closely misses you.
The hound skeleton bites you but does no damage.
The adder zombie bites you.
You slash the adder zombie!
The adder zombie is severely damaged.
You hit the hound skeleton.
The hound skeleton bites you but does no damage.
The adder zombie barely misses you. The hound skeleton closely misses you.
You hit the adder zombie.
The adder zombie is almost destroyed.
You hit the hound skeleton but do no damage.
An orc comes into view. It is wielding a +0 dagger.
The adder zombie bites you but does no damage.
The hound skeleton bites you.
You closely miss the adder zombie.
The adder zombie is almost destroyed.
You closely miss the hound skeleton. The hound skeleton bites you.
The adder zombie bites you. The hound skeleton barely misses you.
The adder zombie barely misses you.
You hit the adder zombie.
You destroy the adder zombie!
You barely miss the hound skeleton. The hound skeleton closely misses you.
Your Axes skill increases to level 2!
You hit the hound skeleton.
The hound skeleton is moderately damaged.
The hound skeleton bites you but does no damage. x2
You hit the hound skeleton.
The hound skeleton is heavily damaged.
You hit the centaur zombie but do no damage.
The hound skeleton bites you but does no damage.
The centaur zombie hits you but does no damage.
The centaur zombie barely misses you. The hound skeleton barely misses you.
You hit the hound skeleton.
The hound skeleton is severely damaged.
You hit the centaur zombie. The centaur zombie closely misses you.
The centaur zombie kicks you. The hound skeleton closely misses you.
The centaur zombie hits you.
You die...

.......¤¤#
.....¤¤¤# o
..¤¤¤¤¤# ..
.¤¤¤¤.##...
.¤......
..... #ZZ#
#@.# #..##
#..# #..#
.... .....
...## ..##


You could see an orc (wandering), a centaur zombie and a hound skeleton.

Vanquished Creatures
  An adder zombie (D:4)
  A quokka (D:5)
2 creatures vanquished.

Notes
Turn   | Place    | Note
-------+----------+-------------------------------------------
     0 | D:5      | qw the Gargoyle Delver began the quest for the Orb.
     0 | D:5      | Reached XP level 1. HP: 14/14 MP: 1/1
     0 | D:5      | 0 ||| qw: Version: 0.1-a-117-gfe26ee0
     0 | D:5      | 0 ||| qw: Game counter: 10118
     0 | D:5      | 0 ||| qw: Always use a shield: true
     0 | D:5      | 0 ||| qw: God list: Okawaru
     0 | D:5      | 0 ||| qw: Allow faded altars: false
     0 | D:5      | 0 ||| qw: Do Orc after D:15 true
     0 | D:5      | 0 ||| qw: Do second Lair branch before Depths: true
     0 | D:5      | 0 ||| qw: Lair rune preference: random
     0 | D:5      | 0 ||| qw: Plans: Normal
     0 | D:5      | 0 ||| PLANNING D:1-11
     0 | D:5      | Found a radiant altar of Vehumet.
    38 | D:5      | 38 ||| UPGRADING to +0 helmet.
    43 | D:5      | 43 ||| READING scroll labelled BITHAY DADERR.
    44 | D:5      | 44 ||| READING scroll labelled BACENN NURIUGU.
    45 | D:5      | 45 ||| DROPPING scroll of fog.
    46 | D:5      | 46 ||| DROPPING scroll of magic mapping.
    47 | D:5      | 47 ||| DROPPING scroll of fear.
    66 | D:4      | HP: 3/14 [centaur zombie (2)]
    66 | D:4      | Slain by a centaur zombie

Levels and vault maps discovered:
D:4:      layout_layer_cave, nicolae_uskayaw_en_pointe, serial_undead,
          serial_undead_a, serial_undead_a, serial_undead_b, serial_undead_d,
          serial_undead_c, uniq_sigmund, uniq_ijyb, uniq_eustachio
D:5:      layout_basic, vehumet_crystals, old_standard_altar,
          minmay_misc_feat_tiny, kb_lookout_dungeons_type, uniq_edmund,
          uniq_crazy_yiuf_cottage

Skill      XL: |  1 |
---------------+----+-----
Axes           | 2 |  2.2
Fighting       | |  3.2
Dodging        | |  1.5
Stealth        | |  5.4

Action                   || total
-------------------------++-------
Melee: Hand axe          ||    17
  Use: Scroll            ||     2
Armor: Leather armour    ||    14
Dodge: Dodged            ||    15

Table legend:
 A = Non-vault XP
 B = Vault XP
 C = Vault XP percentage of total XP
 D = Non-vault monster count
 E = Vault monster count
 F = Vault count percentage of total count
                 A         B        C        D         E       F
            +---------+---------+-------+---------+---------+-------
      Total |       2 |       6 |  75.0 |       1 |       1 |  50.0
            +---------+---------+-------+---------+---------+-------
        D:4 |       0 |       6 | 100.0 |       0 |       1 | 100.0
        D:5 |       2 |       0 |   0.0 |       1 |       0 |   0.0
            +---------+---------+-------+---------+---------+-------
